[Event "ICC tourney 2290 (45 10)"]
[Site "Internet Chess Club"]
[Date "2021.01.09"]
[Round "3"]
[White "mikolka1985"]
[Black "marble"]
[Result "1-0"]
[ICCResult "Black forfeits on time"]
[WhiteElo "2545"]
[BlackElo "2508"]
[Opening "Queen's Indian: old main line, 7.Nc3"]
[ECO "E18"]
[NIC "QI.10"]
[Time "17:01:51"]
[PlyCount "91"]
[TimeControl "2700+10"]

1. d4 Nf6 2. c4 e6 3. Nf3 b6 4. g3 Bb7 5. Bg2 Be7 6. O-O O-O 7. Nc3 Ne4 8.
Bd2 d5 9. cxd5 exd5 10. Rc1 Nd7 11. Qa4 Nxd2 12. Nxd2 Nf6 13. b4 a5 14. b5
Qd6 15. e3 c5 16. dxc5 bxc5 17. Rfd1 Qe6 18. Nb3 Rfd8 19. Qf4 h6 20. Na4 g5
21. Qc7 Rd7 22. Qb6 c4 23. Qxe6 fxe6 24. Nbc5 Bxc5 25. Nxc5 Re7 26. e4 Rb8
27. exd5 Bxd5 28. a4 Rc8 29. Nd3 Bxg2 30. Kxg2 Rd7 31. Ne5 Rxd1 32. Rxd1 c3
33. Nc6 Nd5 34. Rc1 Kg7 35. Kf3 Ra8 36. Ke4 Nb6 37. Rxc3 Nxa4 38. Ra3 Nc5+
39. Ke5 a4 40. Kd6 Ne4+ 41. Kc7 Nc5 42. Nb8 Kf7 43. b6 Ke8 44. Nc6 Nd7 45.
b7 Ra6 46. Ne5 { Black forfeits on time } 1-0

[Event "ICC tourney 2290 (45 10)"]
[Site "Internet Chess Club"]
[Date "2021.01.09"]
[Round "3"]
[White "AJM04"]
[Black "KittiesRock18"]
[Result "1-0"]
[ICCResult "Black checkmated"]
[WhiteElo "2050"]
[BlackElo "1905"]
[Opening "Sicilian: closed"]
[ECO "B23"]
[NIC "SI.44"]
[Time "17:01:58"]
[PlyCount "103"]
[TimeControl "2700+10"]

1. e4 c5 2. Nc3 d6 3. g3 Nc6 4. Bg2 e5 5. d3 Nge7 6. Nh3 Nd4 7. O-O h6 8.
f4 g6 9. Kh1 Bg7 10. Ng1 O-O 11. Be3 Be6 12. Nce2 Nxe2 13. Qxe2 exf4 14.
Bxf4 Nc6 15. Qd2 Qc7 16. Bxh6 Bxb2 17. Rae1 Bg7 18. Bxg7 Kxg7 19. Qc3+ f6
20. a3 Qe7 21. Rf2 Ne5 22. Nf3 Ng4 23. Rff1 Rh8 24. Kg1 Ne5 25. Qd2 c4 26.
d4 Nxf3+ 27. Rxf3 Raf8 28. Qf2 Bg4 29. Rfe3 Rh5 30. Qf1 Rfh8 31. Qxc4 Rxh2
32. e5 dxe5 33. dxe5 f5 34. e6 b6 35. Rd3 Kf6 36. Rd7 Qc5+ 37. Qxc5 bxc5
38. Rf7+ Kg5 39. e7 Rxg2+ 40. Kxg2 Re8 41. Rf8 Rxe7 42. Rxe7 Bd1 43. c3 a5
44. Re6 Kh5 45. Rff6 Bb3 46. Rd6 f4 47. Rxg6 fxg3 48. Kxg3 Bc2 49. Rg7 c4
50. Kf4 Bg6 51. Rgxg6 a4 52. Rh6# { Black checkmated } 1-0

[Event "ICC tourney 2290 (45 10)"]
[Site "Internet Chess Club"]
[Date "2021.01.09"]
[Round "3"]
[White "KnightHopper"]
[Black "GeorgeDai"]
[Result "1-0"]
[ICCResult "Black resigns"]
[WhiteElo "1999"]
[BlackElo "2086"]
[Opening "Caro-Kann: Steinitz variation"]
[ECO "B17"]
[NIC "CK.05"]
[Time "17:02:21"]
[PlyCount "81"]
[TimeControl "2700+10"]

1. e4 c6 2. d4 d5 3. Nc3 dxe4 4. Nxe4 Nd7 5. Ng5 Ngf6 6. Bd3 e6 7. N1f3 Bd6
8. Qe2 h6 9. Ne4 Nxe4 10. Qxe4 Nf6 11. Qh4 Qc7 12. O-O b6 13. Re1 Bb7 14.
Bg5 Nd5 15. Qh5 Rf8 16. Rxe6+ Kd7 17. Bf5 fxe6 18. Bxe6+ Kxe6 19. Re1+ Be5
20. Qg6+ Kd7 21. Nxe5+ Kc8 22. Qe6+ Kb8 23. Nd7+ Qxd7 24. Qxd7 a5 25. c4
hxg5 26. cxd5 cxd5 27. Re7 Ra7 28. Qd6+ Ka8 29. Rxb7 Rxb7 30. Qxf8+ Ka7 31.
Qf5 Re7 32. g3 Re2 33. Qxg5 Rxb2 34. Qxg7+ Ka6 35. h4 Rxa2 36. h5 Rb2 37.
h6 a4 38. h7 a3 39. h8=Q a2 40. Qa8+ Kb5 41. Qd7+ { Black resigns } 1-0

[Event "ICC tourney 2290 (45 10)"]
[Site "Internet Chess Club"]
[Date "2021.01.09"]
[Round "3"]
[White "JQX2019"]
[Black "erickzhao"]
[Result "0-1"]
[ICCResult "White resigns"]
[WhiteElo "1910"]
[BlackElo "2304"]
[Opening "Grünfeld: Three knights variation"]
[ECO "D90"]
[NIC "GI.07"]
[Time "17:01:58"]
[PlyCount "52"]
[TimeControl "2700+10"]

1. d4 Nf6 2. c4 g6 3. Nc3 d5 4. Nf3 Bg7 5. h4 h6 6. Bf4 O-O 7. cxd5 Nxd5 8.
Nxd5 Qxd5 9. Bxc7 Nc6 10. e3 Bf5 11. b3 Rac8 12. Bc4 Qd7 13. Bf4 Nb4 14.
O-O b5 15. Be2 Rc2 16. a3 Nd5 17. g4 Nc3 18. Qe1 Nxe2+ 19. Kh2 Nxf4 20.
gxf5 Qxf5 21. exf4 Qxf4+ 22. Kg2 Qg4+ 23. Kh2 Qxf3 24. Rd1 Rc3 25. Qxe7
Qh3+ 26. Kg1 Qg4+ { White resigns } 0-1

[Event "ICC tourney 2290 (45 10)"]
[Site "Internet Chess Club"]
[Date "2021.01.09"]
[Round "3"]
[White "TjkTiger"]
[Black "Openyagami"]
[Result "0-1"]
[ICCResult "White resigns"]
[WhiteElo "2597"]
[BlackElo "2606"]
[Opening "English opening"]
[ECO "A16"]
[NIC "EO.64"]
[Time "17:02:21"]
[PlyCount "78"]
[TimeControl "2700+10"]

1. c4 Nf6 2. Nc3 g6 3. g3 Bg7 4. Bg2 O-O 5. d4 Nc6 6. Nf3 d5 7. cxd5 Nxd5
8. O-O Nb6 9. e3 Re8 10. Nh4 Nb4 11. f4 a5 12. Nf3 c5 13. dxc5 Nd7 14. Na4
Qc7 15. a3 Na6 16. c6 Ndc5 17. Nd4 bxc6 18. Bd2 Bd7 19. Rc1 Nxa4 20. Qxa4
c5 21. Qc4 Qb6 22. Bxa8 cxd4 23. Qd5 dxe3 24. Bxa5 Qa7 25. Bc6 e2+ 26. Rf2
Rc8 27. Kg2 Nb8 28. Bxd7 Rxc1 29. Bg4 e1=Q 30. Bxe1 Rxe1 31. f5 Bf6 32.
fxg6 hxg6 33. h4 Re5 34. Qd8+ Kg7 35. Bf3 Nd7 36. b4 Re3 37. b5 Rxa3 38. h5
gxh5 39. Bc6 Ne5 { White resigns } 0-1

[Event "ICC tourney 2290 (45 10)"]
[Site "Internet Chess Club"]
[Date "2021.01.09"]
[Round "3"]
[White "rayxu"]
[Black "greatchess"]
[Result "0-1"]
[ICCResult "White forfeits on time"]
[WhiteElo "1915"]
[BlackElo "2010"]
[Opening "Ruy Lopez: closed, anti-Marshall 8.a4"]
[ECO "C88"]
[NIC "RL.18"]
[Time "17:02:02"]
[PlyCount "74"]
[TimeControl "2700+10"]

1. e4 e5 2. Nf3 Nc6 3. Bb5 a6 4. Ba4 Nf6 5. O-O Be7 6. Re1 b5 7. Bb3 O-O 8.
a4 Bb7 9. d3 d6 10. Nc3 b4 11. Nd5 Nxd5 12. Bxd5 Na5 13. Bxb7 Nxb7 14. c3
a5 15. d4 Bf6 16. Be3 Re8 17. d5 Qd7 18. Qb3 Reb8 19. cxb4 axb4 20. Qxb4
Nc5 21. Qc4 Nxa4 22. b3 Nb6 23. Bxb6 cxb6 24. Qb4 b5 25. h3 g6 26. Rec1
Rxa1 27. Rxa1 Rc8 28. Ra6 Rc5 29. Ne1 Rc1 30. Kh2 Qb7 31. Ra2 Qb6 32. Nd3
Rd1 33. Rd2 Rxd2 34. Qxd2 Qd4 35. Qe2 Bg5 36. b4 Kg7 37. f3 Be3 { White
forfeits on time } 0-1

[Event "ICC tourney 2290 (45 10)"]
[Site "Internet Chess Club"]
[Date "2021.01.09"]
[Round "3"]
[White "investigator"]
[Black "Ben2008"]
[Result "1-0"]
[ICCResult "Black resigns"]
[WhiteElo "2090"]
[BlackElo "1900"]
[Opening "English opening"]
[ECO "A20"]
[NIC "EO.24"]
[Time "17:01:52"]
[PlyCount "77"]
[TimeControl "2700+10"]

1. c4 e5 2. g3 Nf6 3. Bg2 d5 4. cxd5 Nxd5 5. Nf3 Nc6 6. O-O Be6 7. Nc3 Be7
8. d4 Nxc3 9. bxc3 e4 10. Ne5 f5 11. Nxc6 bxc6 12. f3 exf3 13. Bxf3 Qd7 14.
Qd3 O-O 15. Bf4 Rad8 16. Rfd1 Bd6 17. e3 Bd5 18. Kg2 Bxf4 19. exf4 Rf6 20.
Re1 Bxf3+ 21. Qxf3 Re6 22. Re5 Rxe5 23. fxe5 Qe6 24. a3 g6 25. Rd1 Kg7 26.
h4 Kh8 27. h5 Kg7 28. Qe3 c5 29. Rd2 cxd4 30. cxd4 Qd5+ 31. Kh2 c5 32. Qg5
cxd4 33. h6+ Kg8 34. Qf6 Rd7 35. Rb2 Qa8 36. e6 Qd8 37. Rb8 Qxb8 38. exd7
Qb2+ 39. Kh3 { Black resigns } 1-0

[Event "ICC tourney 2290 (45 10)"]
[Site "Internet Chess Club"]
[Date "2021.01.09"]
[Round "3"]
[White "BranKing"]
[Black "trandaferrari"]
[Result "0-1"]
[ICCResult "White resigns"]
[WhiteElo "2079"]
[BlackElo "2100"]
[Opening "Sicilian: Nimzovich-Rossolimo attack (without ...d6)"]
[ECO "B30"]
[NIC "SI.31"]
[Time "17:01:50"]
[PlyCount "78"]
[TimeControl "2700+10"]

1. e4 c5 2. Nf3 Nc6 3. Bb5 e6 4. O-O Nge7 5. c3 d5 6. e5 d4 7. Re1 a6 8.
Bd3 Ng6 9. g3 Qc7 10. Qe2 b5 11. h4 c4 12. Bxg6 hxg6 13. cxd4 Bb7 14. a3 g5
15. d5 gxh4 16. Nxh4 Nd4 17. Qe4 Bc5 18. Nc3 O-O-O 19. Qg4 Nc2 20. d4 Bxd4
21. Bg5 Bxc3 22. Bxd8 Qxd8 23. bxc3 Qxd5 24. f3 Qc5+ 25. Kg2 Ne3+ 26. Rxe3
Qxe3 27. Qxg7 Qe2+ 28. Kh3 Rd8 29. Qxf7 Qxe5 30. Ra2 Qxc3 31. Qxe6+ Kb8 32.
Qe7 Qd3 33. Re2 c3 34. Re3 Qf1+ 35. Kg4 Qc4+ 36. Kh3 Rc8 37. Qd6+ Ka8 38.
Re7 c2 39. Qb6 Qc6 { White resigns } 0-1

[Event "ICC tourney 2290 (45 10)"]
[Site "Internet Chess Club"]
[Date "2021.01.09"]
[Round "4"]
[White "DonaldJ"]
[Black "KittiesRock18"]
[Result "0-1"]
[ICCResult "White resigns"]
[WhiteElo "2076"]
[BlackElo "1905"]
[Opening "Sicilian: Richter-Rauzer, Rauzer attack, 7...Be7 defense, 9...Nxd4"]
[ECO "B65"]
[NIC "SI.28"]
[Time "19:32:14"]
[PlyCount "86"]
[TimeControl "2700+10"]

1. e4 c5 2. Nf3 d6 3. d4 cxd4 4. Nxd4 Nf6 5. Nc3 Nc6 6. Bg5 e6 7. Qd2 Be7
8. O-O-O O-O 9. f4 Nxd4 10. Qxd4 a6 11. e5 dxe5 12. Qxd8 Rxd8 13. fxe5
Rxd1+ 14. Kxd1 Ng4 15. Bxe7 Nf2+ 16. Ke2 Nxh1 17. g3 Bd7 18. Bg2 Bc6 19.
Ne4 Bxe4 20. Bxe4 Nxg3+ 21. hxg3 Rc8 22. Bd6 b5 23. c3 Rc4 24. Bb7 a5 25.
Ba6 Ra4 26. a3 Re4+ 27. Kf3 Re1 28. Bxb5 Rb1 29. b4 Rb3 30. Bd7 Rxc3+ 31.
Ke4 Rxa3 32. b5 Rb3 33. Kd4 Rb1 34. Kc5 a4 35. Kc4 h5 36. Bb4 Rc1+ 37. Bc3
a3 38. b6 a2 39. b7 Rxc3+ 40. Kb4 a1=Q 41. b8=Q+ Kh7 42. Ba4 Qb2+ 43. Ka5
Qxb8 { White resigns } 0-1

[Event "ICC tourney 2290 (45 10)"]
[Site "Internet Chess Club"]
[Date "2021.01.09"]
[Round "4"]
[White "espark"]
[Black "Chessking2008"]
[Result "1-0"]
[ICCResult "Black resigns"]
[WhiteElo "2322"]
[BlackElo "2200"]
[Opening "Sicilian: dragon, Yugoslav attack, 7...O-O"]
[ECO "B76"]
[NIC "SI.17"]
[Time "19:31:27"]
[PlyCount "61"]
[TimeControl "2700+10"]

1. e4 c5 2. Nf3 d6 3. d4 cxd4 4. Nxd4 Nf6 5. Nc3 g6 6. Be3 Bg7 7. f3 O-O 8.
g4 Nc6 9. Qd2 Be6 10. Nxe6 fxe6 11. O-O-O Ne5 12. Be2 Qc8 13. h4 Nfd7 14.
h5 Nc4 15. Bxc4 Qxc4 16. hxg6 hxg6 17. f4 Bxc3 18. bxc3 Nf6 19. Bd4 Qxa2
20. Qh2 e5 21. fxe5 dxe5 22. Qxe5 Qa3+ 23. Kb1 Qd6 24. Qg5 Nd7 25. Bc5 Qf6
26. Qd5+ Rf7 27. Qxd7 Qxc3 28. Qd4 Qxd4 29. Bxd4 Rff8 30. Rh8+ Kf7 31. Rf1+
{ Black resigns } 1-0

[Event "ICC tourney 2290 (45 10)"]
[Site "Internet Chess Club"]
[Date "2021.01.09"]
[Round "4"]
[White "Volkov"]
[Black "Aryangambit"]
[Result "1-0"]
[ICCResult "Black resigns"]
[WhiteElo "2607"]
[BlackElo "2093"]
[Opening "King's Indian: Gligoric-Taimanov system"]
[ECO "E92"]
[NIC "KI.18"]
[Time "19:31:35"]
[PlyCount "79"]
[TimeControl "2700+10"]

1. d4 Nf6 2. c4 g6 3. Nc3 Bg7 4. e4 O-O 5. Nf3 d6 6. Be2 e5 7. Be3 Ng4 8.
Bg5 f6 9. Bh4 g5 10. Bg3 Nh6 11. h3 Nc6 12. d5 Nd4 13. Nxd4 exd4 14. Qxd4
f5 15. Qd2 f4 16. Bh2 Nf7 17. f3 Ne5 18. Bg1 Qe7 19. Bf2 Bd7 20. Rc1 b6 21.
Nb5 Rac8 22. Rc3 a6 23. Nd4 h5 24. b4 g4 25. hxg4 hxg4 26. c5 g3 27. Bg1 a5
28. c6 axb4 29. Rb3 Be8 30. Ne6 Rf6 31. Nxf4 Bh6 32. Be3 Qf7 33. Nh5 Bxe3
34. Nxf6+ Qxf6 35. Qxe3 Ng6 36. f4 Nxf4 37. Qxg3+ Bg6 38. Rf3 Qa1+ 39. Bd1
Kg7 40. Qxf4 { Black resigns } 1-0

[Event "ICC tourney 2290 (45 10)"]
[Site "Internet Chess Club"]
[Date "2021.01.09"]
[Round "4"]
[White "Openyagami"]
[Black "mikolka1985"]
[Result "1-0"]
[ICCResult "Black resigns"]
[WhiteElo "2606"]
[BlackElo "2545"]
[Opening "English, 1...Nf6 (Anglo-Indian defense)"]
[ECO "A15"]
[NIC "EO.13"]
[Time "19:31:25"]
[PlyCount "87"]
[TimeControl "2700+10"]

1. c4 Nf6 2. g3 g6 3. Nf3 Bg7 4. Bg2 O-O 5. O-O d6 6. Nc3 e5 7. d3 Nc6 8.
Rb1 a5 9. a3 Re8 10. Bg5 h6 11. Bxf6 Bxf6 12. b4 axb4 13. axb4 Bg7 14. b5
Ne7 15. Qd2 c6 16. Rfc1 Be6 17. Ne1 d5 18. bxc6 bxc6 19. cxd5 cxd5 20. Nc2
Qd7 21. Nb4 f5 22. e3 Bf8 23. d4 e4 24. Bf1 Reb8 25. Na6 Rxb1 26. Rxb1 Bf7
27. Nc5 Qc8 28. Rb6 Rb8 29. Qb2 Rxb6 30. Qxb6 Qc6 31. Qa5 g5 32. Bb5 Qd6
33. Qa8 f4 34. Nd7 Nf5 35. Nxd5 Kg7 36. N5f6 fxe3 37. fxe3 Be7 38. Qxe4 Qe6
39. Nh5+ Kh8 40. Qa8+ Kh7 41. Ne5 Qb3 42. Qe4 Qd1+ 43. Bf1 Bxh5 44. Qxf5+ {
Black resigns } 1-0

[Event "ICC tourney 2290 (45 10)"]
[Site "Internet Chess Club"]
[Date "2021.01.09"]
[Round "4"]
[White "GeorgeDai"]
[Black "AJM04"]
[Result "1-0"]
[ICCResult "Black resigns"]
[WhiteElo "2086"]
[BlackElo "2050"]
[Opening "QGD Slav defense: exchange variation"]
[ECO "D10"]
[NIC "SL.01"]
[Time "19:31:47"]
[PlyCount "39"]
[TimeControl "2700+10"]

1. d4 d5 2. c4 c6 3. cxd5 cxd5 4. Bf4 Nc6 5. e3 Nf6 6. Nc3 a6 7. Nf3 Bf5 8.
Rc1 e6 9. Bd3 Bxd3 10. Qxd3 Bd6 11. Bxd6 Qxd6 12. O-O O-O 13. Na4 Rac8 14.
Nc5 Rc7 15. a3 Rfc8 16. b4 Ne7 17. Ne5 b6 18. Qxa6 Nc6 19. Ncd3 Ne4 20.
Nxc6 { Black resigns } 1-0

[Event "ICC tourney 2290 (45 10)"]
[Site "Internet Chess Club"]
[Date "2021.01.09"]
[Round "4"]
[White "erickzhao"]
[Black "KnightHopper"]
[Result "1-0"]
[ICCResult "Black checkmated"]
[WhiteElo "2304"]
[BlackElo "1999"]
[Opening "Scandinavian defense"]
[ECO "B01"]
[NIC "SD.03"]
[Time "19:31:23"]
[PlyCount "83"]
[TimeControl "2700+10"]

1. e4 d5 2. exd5 Nf6 3. Nf3 Bg4 4. Be2 Qxd5 5. O-O Nc6 6. Nc3 Qf5 7. h3 Bh5
8. g4 Nxg4 9. Nh4 Qg5 10. Bxg4 Qxh4 11. Bxh5 g6 12. Bf3 Qxh3 13. d4 e6 14.
Ne4 Be7 15. Ng5 Qh4 16. Kg2 Rd8 17. Bxc6+ bxc6 18. Qf3 O-O 19. Rh1 Qxd4 20.
Nxh7 Rfe8 21. Bg5 Bxg5 22. Nxg5 f6 23. Rh8+ Kg7 24. Rah1 Rxh8 25. Nxe6+ Kf7
26. Nxd4 Rxh1 27. Kxh1 Rxd4 28. Qxc6 Rh4+ 29. Kg2 f5 30. Qxc7+ Kg8 31. Qd8+
Kg7 32. Qxh4 a5 33. Qa4 g5 34. c4 f4 35. c5 g4 36. c6 f3+ 37. Kg3 Kf7 38.
c7 Ke7 39. c8=Q Kd6 40. Qac6+ Ke5 41. Q8e6+ Kd4 42. Qee4# { Black
checkmated } 1-0

[Event "ICC tourney 2290 (45 10)"]
[Site "Internet Chess Club"]
[Date "2021.01.09"]
[Round "4"]
[White "trandaferrari"]
[Black "breaker90"]
[Result "0-1"]
[ICCResult "White resigns"]
[WhiteElo "2100"]
[BlackElo "2127"]
[Opening "Scotch: Schmidt variation"]
[ECO "C45"]
[NIC "SO.04"]
[Time "19:31:56"]
[PlyCount "80"]
[TimeControl "2700+10"]

1. e4 e5 2. Nf3 Nc6 3. d4 exd4 4. Nxd4 Nf6 5. Nxc6 bxc6 6. Bd3 d5 7. exd5
cxd5 8. O-O Be7 9. c4 c6 10. cxd5 cxd5 11. Nd2 O-O 12. Nf3 Bg4 13. h3 Bh5
14. b3 Ne4 15. Bb2 Bf6 16. Bxf6 Qxf6 17. Be2 Nc3 18. Qd2 Rae8 19. Rae1
Nxe2+ 20. Rxe2 Bxf3 21. gxf3 Qxf3 22. Re3 Rxe3 23. Qxe3 Qxe3 24. fxe3 Re8
25. Rc1 g5 26. Kf2 Re7 27. Rc6 Rd7 28. Ra6 Kg7 29. b4 f6 30. b5 Kg6 31. a4
Kf5 32. a5 Rc7 33. b6 axb6 34. Rxb6 Rc2+ 35. Kf3 Ra2 36. a6 h5 37. Kg3 Ra3
38. Kf3 d4 39. Rb5+ Kg6 40. Ke2 Rxe3+ { White resigns } 0-1

[Event "ICC tourney 2290 (45 10)"]
[Site "Internet Chess Club"]
[Date "2021.01.09"]
[Round "4"]
[White "greatchess"]
[Black "JQX2019"]
[Result "0-1"]
[ICCResult "White resigns"]
[WhiteElo "2010"]
[BlackElo "1910"]
[Opening "English: Mikenas-Carls variation"]
[ECO "A18"]
[NIC "EO.64"]
[Time "19:31:34"]
[PlyCount "84"]
[TimeControl "2700+10"]

1. c4 e6 2. Nc3 Nf6 3. e4 d6 4. d4 Nbd7 5. Nf3 e5 6. Be2 g6 7. O-O Bg7 8.
d5 Nc5 9. Nd2 a5 10. Qc2 O-O 11. b3 Ne8 12. a3 f5 13. Bb2 Nf6 14. f3 Bh6
15. Bd3 Bxd2 16. Qxd2 Nxb3 17. Qh6 Nxa1 18. exf5 Nb3 19. fxg6 Qe7 20. f4
Qg7 21. gxh7+ Nxh7 22. Bxh7+ Qxh7 23. Qg5+ Qg7 24. Qh4 Nd4 25. Ne4 Bg4 26.
Ng5 Be2 27. Rf2 Rae8 28. Bxd4 exd4 29. Ne6 Rxe6 30. dxe6 d3 31. Rxe2 dxe2
32. Kf2 Rf6 33. Ke1 Rxe6 34. Qd8+ Kh7 35. Qh4+ Qh6 36. Qg3 Re8 37. Qd3+ Qg6
38. Qh3+ Kg8 39. Qb3 c5 40. Qxb7 Qd3 41. Qd5+ Qxd5 42. cxd5 c4 { White
resigns } 0-1

[Event "ICC tourney 2290 (45 10)"]
[Site "Internet Chess Club"]
[Date "2021.01.09"]
[Round "4"]
[White "marble"]
[Black "investigator"]
[Result "1/2-1/2"]
[ICCResult "Game drawn by mutual agreement"]
[WhiteElo "2508"]
[BlackElo "2090"]
[Opening "Pirc defense"]
[ECO "B07"]
[NIC "PU.07"]
[Time "19:31:24"]
[PlyCount "149"]
[TimeControl "2700+10"]

1. e4 d6 2. d4 Nf6 3. Nc3 g6 4. Be3 a6 5. h3 Bg7 6. Nf3 O-O 7. a4 Nc6 8. d5
Ne5 9. Nxe5 dxe5 10. Bc4 Ne8 11. O-O Nd6 12. Bb3 Bd7 13. Qd2 b5 14. f3 f5
15. exf5 gxf5 16. Bh6 Qe8 17. axb5 axb5 18. Bxg7 Kxg7 19. Rae1 Nf7 20. f4
e4 21. Qd4+ Kg8 22. Re3 Ra6 23. Qc5 Rg6 24. Qxc7 Nd6 25. Ra1 Rf7 26. Ne2 h5
27. h4 Rfg7 28. g3 Rg4 29. Kf2 Kh7 30. Ra7 Bc8 31. Qc3 Bd7 32. Ke1 e6 33.
dxe6 Bxe6 34. Rxg7+ Rxg7 35. Qe5 Bxb3 36. Qxd6 Bxc2 37. Nd4 Bd3 38. Nxf5
Qg6 39. Qxg6+ Rxg6 40. Kd2 Rc6 41. b3 Rc2+ 42. Kd1 Rb2 43. Nd6 Rb1+ 44. Kd2
b4 45. Nxe4 Bxe4 46. Rxe4 Rb2+ 47. Ke1 Rxb3 48. Kf2 Kg6 49. Re3 Ra3 50. Ke2
b3 51. Re6+ Kf5 52. Re5+ Kf6 53. Rb5 b2 54. Rxb2 Rxg3 55. Rb5 Rg4 56. Kf3
Rxh4 57. Ke4 Rh1 58. Rb6+ Kf7 59. Kf5 Ra1 60. Rb7+ Kf8 61. Kg5 Ra5+ 62. f5
Ra6 63. Kxh5 Rc6 64. Kg5 Ra6 65. Rh7 Rb6 66. Rh8+ Kf7 67. Ra8 Rc6 68. Ra7+
Kf8 69. Kf4 Rb6 70. Rd7 Ra6 71. Ke5 Rb6 72. Kf4 Rb4+ 73. Kg5 Rb6 74. f6 Rb1
75. Rd8+ { Game drawn by mutual agreement } 1/2-1/2

[Event "ICC tourney 2290 (45 10)"]
[Site "Internet Chess Club"]
[Date "2021.01.09"]
[Round "5"]
[White "DonaldJ"]
[Black "greatchess"]
[Result "0-1"]
[ICCResult "White checkmated"]
[WhiteElo "2076"]
[BlackElo "2010"]
[Opening "Ruy Lopez: Marshall, main line, 14...Qh3"]
[ECO "C89"]
[NIC "RL.17"]
[Time "22:02:25"]
[PlyCount "74"]
[TimeControl "2700+10"]

1. e4 e5 2. Nf3 Nc6 3. Bb5 a6 4. Ba4 Nf6 5. O-O Be7 6. Re1 b5 7. Bb3 O-O 8.
c3 d5 9. exd5 Nxd5 10. Nxe5 Nxe5 11. Rxe5 c6 12. d4 Bd6 13. Re1 Qh4 14. g3
Qh3 15. Qe2 Bg4 16. Qf1 Qh5 17. Nd2 Rfe8 18. Rxe8+ Rxe8 19. f3 Bh3 20. Qf2
f5 21. Nf1 f4 22. Bd2 Re6 23. g4 Qg6 24. Re1 Rxe1 25. Qxe1 h5 26. Qe4 Qf7
27. g5 Bf5 28. Qe2 h4 29. Kh1 Qg6 30. Be1 Qxg5 31. Qe8+ Kh7 32. Qxc6 h3 33.
Ng3 fxg3 34. Qxd6 g2+ 35. Kg1 Qe3+ 36. Bf2 Qc1+ 37. Be1 Qxe1# { White
checkmated } 0-1

[Event "ICC tourney 2290 (45 10)"]
[Site "Internet Chess Club"]
[Date "2021.01.09"]
[Round "5"]
[White "breaker90"]
[Black "erickzhao"]
[Result "0-1"]
[ICCResult "White resigns"]
[WhiteElo "2127"]
[BlackElo "2304"]
[Opening "Sicilian: Najdorf"]
[ECO "B90"]
[NIC "SI.14"]
[Time "22:02:25"]
[PlyCount "54"]
[TimeControl "2700+10"]

1. e4 c5 2. Nf3 d6 3. d4 cxd4 4. Nxd4 Nf6 5. Nc3 a6 6. f3 e5 7. Nb3 Be6 8.
Be3 Be7 9. Qd2 O-O 10. O-O-O Nbd7 11. g4 b5 12. g5 Nh5 13. Nd5 Bxd5 14.
exd5 f5 15. h4 Ng3 16. Rg1 Nxf1 17. Rgxf1 a5 18. Kb1 f4 19. Bf2 a4 20. Nc1
Qb8 21. Nd3 Bd8 22. Rc1 Ba5 23. Qe2 b4 24. b3 Qb7 25. Qe4 Qa6 26. Be1 Bb6
27. Nxb4 Qxf1 { White resigns } 0-1

[Event "ICC tourney 2290 (45 10)"]
[Site "Internet Chess Club"]
[Date "2021.01.09"]
[Round "5"]
[White "Aryangambit"]
[Black "marble"]
[Result "0-1"]
[ICCResult "White resigns"]
[WhiteElo "2093"]
[BlackElo "2508"]
[Opening "Robatsch defense"]
[ECO "B06"]
[NIC "KF.05"]
[Time "22:01:29"]
[PlyCount "94"]
[TimeControl "2700+10"]

1. e4 g6 2. d4 Bg7 3. Nc3 c6 4. Be3 Qb6 5. a3 d6 6. b4 Nf6 7. e5 Ng4 8.
exd6 Nxe3 9. fxe3 exd6 10. Nf3 O-O 11. Be2 d5 12. O-O Re8 13. Qd2 Bh6 14.
Nd1 Nd7 15. Bd3 f5 16. Re1 Nf6 17. Nf2 Ne4 18. Bxe4 fxe4 19. Ne5 Bg7 20. c4
Be6 21. c5 Qc7 22. Nd1 Bf5 23. Nc3 h5 24. Ne2 h4 25. Rad1 Bxe5 26. dxe5 Bg4
27. e6 Bxe2 28. Qxe2 Rxe6 29. Qg4 Qe7 30. Rf1 Kg7 31. Rf5 Rf8 32. Rxf8 Kxf8
33. Rf1+ Kg7 34. Rf4 g5 35. Rf5 Rg6 36. Qd1 Qe6 37. Qd4+ Kg8 38. h3 Qxf5
39. a4 Re6 40. a5 Qe5 41. Qd2 a6 42. Qc1 Rf6 43. Kh1 Qg3 44. Qa1 Rf2 45.
Qg1 g4 46. hxg4 h3 47. Qxf2 Qxf2 { White resigns } 0-1

[Event "ICC tourney 2290 (45 10)"]
[Site "Internet Chess Club"]
[Date "2021.01.09"]
[Round "5"]
[White "KittiesRock18"]
[Black "Ben2008"]
[Result "1-0"]
[ICCResult "Black resigns"]
[WhiteElo "1905"]
[BlackElo "1900"]
[Opening "Sicilian: Najdorf, Lipnitzky attack"]
[ECO "B86"]
[NIC "SI.13"]
[Time "22:01:37"]
[PlyCount "101"]
[TimeControl "2700+10"]

1. e4 c5 2. Nf3 d6 3. d4 cxd4 4. Nxd4 Nf6 5. Nc3 a6 6. Bc4 e6 7. a4 Nc6 8.
Nxc6 bxc6 9. O-O Be7 10. Be3 O-O 11. a5 d5 12. exd5 cxd5 13. Bb6 Qd7 14.
Bd3 Bb7 15. Bd4 Rfe8 16. Na4 Rad8 17. Qe2 Qc6 18. Rfe1 Nd7 19. Qh5 h6 20.
Nb6 Bf6 21. Qg4 Bxd4 22. Qxd4 e5 23. Qb4 Nc5 24. Qd2 e4 25. b4 d4 26. bxc5
e3 27. fxe3 dxe3 28. Qe2 Qxc5 29. Nc4 Qg5 30. Rab1 Bd5 31. Rb6 Bxc4 32.
Bxc4 Rd2 33. Qf3 Rf2 34. Qc6 Rd8 35. Bd3 g6 36. Rxa6 Rd4 37. Ra8+ Kg7 38.
Re8 Rg4 39. Qc3+ Rf6 40. Re2 Qf4 41. Qe1 Rh4 42. g3 Qg5 43. R2xe3 Ra4 44.
R8e5 Qg4 45. Re7 Qd4 46. Re4 Qa1 47. Rxa4 Qxa4 48. Re4 Qc6 49. a6 Qc5+ 50.
Qe3 Qa3 51. a7 { Black resigns } 1-0

[Event "ICC tourney 2290 (45 10)"]
[Site "Internet Chess Club"]
[Date "2021.01.09"]
[Round "5"]
[White "JQX2019"]
[Black "AJM04"]
[Result "0-1"]
[ICCResult "White resigns"]
[WhiteElo "1910"]
[BlackElo "2050"]
[Opening "QGD semi-Slav: Stoltz variation"]
[ECO "D45"]
[NIC "SL.08"]
[Time "22:02:02"]
[PlyCount "66"]
[TimeControl "2700+10"]

1. d4 d5 2. c4 c6 3. Nc3 Nf6 4. Nf3 e6 5. e3 Nbd7 6. Qc2 Bd6 7. Be2 dxc4 8.
Bxc4 b5 9. Bd3 Bb7 10. O-O O-O 11. e4 e5 12. dxe5 Nxe5 13. Nxe5 Bxe5 14.
Bg5 h6 15. Bh4 Qb6 16. Rad1 a6 17. Kh1 c5 18. Rfe1 c4 19. Bf1 Bd4 20. Bxf6
Qxf6 21. Rd2 Rad8 22. Ree2 Rfe8 23. g3 b4 24. Nd5 Bxd5 25. exd5 c3 26. bxc3
bxc3 27. Rd3 Rxe2 28. Qxe2 Rc8 29. Qg4 Qxf2 30. Qxd4 Qxf1+ 31. Qg1 Qxd3 32.
d6 c2 33. d7 Qd5+ { White resigns } 0-1

[Event "ICC tourney 2290 (45 10)"]
[Site "Internet Chess Club"]
[Date "2021.01.09"]
[Round "5"]
[White "investigator"]
[Black "trandaferrari"]
[Result "1/2-1/2"]
[ICCResult "Game drawn by mutual agreement"]
[WhiteElo "2090"]
[BlackElo "2100"]
[Opening "English: Anglo-Grünfeld, Smyslov defense"]
[ECO "A16"]
[NIC "EO.53"]
[Time "22:01:29"]
[PlyCount "89"]
[TimeControl "2700+10"]

1. c4 Nf6 2. Nc3 g6 3. g3 d5 4. cxd5 Nxd5 5. Bg2 Nxc3 6. bxc3 Bg7 7. Rb1
O-O 8. Rxb7 Bxb7 9. Bxb7 Nd7 10. Bxa8 Qxa8 11. Nf3 Ne5 12. O-O Nxf3+ 13.
exf3 c5 14. Qe2 e6 15. Ba3 Rc8 16. Qe4 Qb8 17. Rb1 Qd6 18. d4 Qa6 19. Bxc5
Qxa2 20. Qb7 Rd8 21. Bxa7 e5 22. Bc5 Qc2 23. dxe5 Bxe5 24. Bd4 Bxd4 25.
cxd4 Qd3 26. Ra1 Qxd4 27. Ra7 Qd5 28. Qe7 Kg7 29. Kg2 Kg8 30. h4 h5 31. Qf6
Rc8 32. Kh3 Rf8 33. Rc7 Qd1 34. Kg2 Qd5 35. Re7 Qc4 36. g4 hxg4 37. h5
gxf3+ 38. Kg3 Qf1 39. Qxf3 Qg1+ 40. Kh4 Qh2+ 41. Kg5 Qxh5+ 42. Qxh5 gxh5
43. Kxh5 Kg7 44. Kg4 Kf6 45. Re3 { Game drawn by mutual agreement } 1/2-1/2